 Dungeon Crawl Stone Soup version 0.31-a0-1308-ga3cce3a448 (webtiles) character file.

Game seed: 6522861570440491403

381 sampeng1 the Covered (level 6, -1/53 HPs)
             Began as a Human Fighter on Dec 19, 2023.
             Succumbed to bmb222's ghost's poison
             ... on level 3 of the Dungeon.
             The game lasted 00:06:30 (1915 turns).

sampeng1 the Covered (Human Fighter)                Turns: 1915, Time: 00:06:31

Health: -1/53      AC: 10    Str: 18    XL:     6   Next: 75%
Magic:  6/6        EV:  9    Int:  9    God:
Gold:   191        SH:  5    Dex: 12    Spells: 5/5 levels left

rFire   . . .        a - +0 war axe
rCold   . . .        c - +0 buckler
rNeg    . . .        e - +0 chain mail
rPois   .            (no helmet)
rElec   .            (no cloak)
rCorr   .            (no gloves)
SInv    .            (no boots)
Will    .....        (no amulet) Stlth
                     (no ring)
HPRegen 0.28/turn    (no ring)
MPRegen 0.10/turn

%: no passive effects
@: lethally poisoned (-1 -> -11)
A: explore regen
a: no special abilities


You were on level 3 of the Dungeon.
You visited 1 branch of the dungeon, and saw 3 of its levels.

You collected 191 gold pieces.

Inventory:

Hand Weapons
 a - a +0 war axe (weapon)
Armour
 c - a +0 buckler (worn)
 e - a +0 chain mail (worn)
Jewellery
 n - a +6 ring of dexterity
Wands
 d - a wand of flame (12)
Scrolls
 j - a scroll of teleportation
 o - a scroll of butterflies {unknown}
Potions
 b - a potion of enlightenment {unknown}
 f - 2 potions of curing
 g - a potion of brilliance {unknown}
 h - a potion of resistance
 i - a potion of mutation
 k - a potion of lignification
 l - a potion of attraction {unknown}
 m - a potion of ambrosia {unknown}


   Skills:
 + Level 6.4 Fighting
 + Level 6.0 Axes
 + Level 6.4 Armour
 - Level 4.8 Dodging
 + Level 6.4 Shields


You had 5 spell levels left.
You didn't know any spells.
Your spell library contained the following spells:

 Spells                   Type           Power      Damage    Failure   Level
 Lesser Beckoning         Tloc           0%         N/A       99%         2
 Gell's Gravitas          Tloc           0%         N/A       100%        3
 Teleport Other           Tloc           0%         N/A       100%        3


Dungeon Overview and Level Annotations

Branches:
Dungeon (3/15)

Altars:

Annotations:
D:3 1 transporter


Innate Abilities, Weirdness & Mutations

You regain HP and MP as you explore.


Message History

You see here an adder corpse.
You slash the jelly!
You kill the jelly!
You barely miss bmb222's ghost.
You feel sick. The bat hits you but does no damage.
Bmb222's ghost closely misses you.
Your Axes skill increases to level 6!
You hit bmb222's ghost.
Bmb222's ghost is severely damaged.
You barely miss the bat.
You feel sick. You block the bat's attack. Bmb222's ghost hits you.
You are more poisoned.
You barely miss bmb222's ghost.
Bmb222's ghost is severely damaged.
You feel very sick. The bat hits you. Bmb222's ghost closely misses you.
You closely miss bmb222's ghost.
Bmb222's ghost is severely damaged.
You feel very sick. The bat hits you but does no damage.
Bmb222's ghost hits you.
* * * LOW HITPOINT WARNING * * *
You are lethally poisoned!
Bmb222's ghost closely misses you.
You closely miss bmb222's ghost.
Bmb222's ghost is severely damaged.
* * * LOW HITPOINT WARNING * * *
You feel very sick. The bat barely misses you.
Bmb222's ghost barely misses you.
You barely miss bmb222's ghost.
Bmb222's ghost is severely damaged.
* * * LOW HITPOINT WARNING * * *
You feel very sick. You block the bat's attack.
Bmb222's ghost hits you but does no damage.
You are more poisoned.
You slash bmb222's ghost!
You destroy bmb222's ghost!
* * * LOW HITPOINT WARNING * * *
You feel very sick. You block the bat's attack.
You die...

#.# #...# #...###
#.###.#.####### .. #
##.............## ..###
#.......©.......# #...
#...#########...# ##.#
#..##8.....8##..# #
#..#.........#..# #.#
#..#J##...##.#..# #.#
#..#.##@†.##.#..# ##.<
#..#....©....#..# #...
#..#.##b..##.#..## ##.#.
###..#.##...##.#...###.#..
#.#..#........©#...#..###.
#...##8..$$.8##...†.#.#..
##...#########....####...
#........©.......## #...
#.##...............# ##.#.


You could see a bat.

Vanquished Creatures
  An ogre (D:3)
  A jelly (D:3)
  Jessica (D:2)
  Terence (D:3)
  3 adders (D:3)
  A worm (D:2)
  The ghost of bmb222 the Sneak, a weakling DsDe (D:3)
  2 dart slugs
  7 endoplasms
  6 giant cockroaches
  3 goblins
  6 hobgoblins
  12 jackals (D:1)
  7 kobolds
  2 quokkas (D:3)
  10 ball pythons
  7 bats
  5 frilled lizards
  A rat (D:1)
77 creatures vanquished.

Notes
Turn   | Place    | Note
-------+----------+-------------------------------------------
     0 | D:1      | sampeng1 the Human Fighter began the quest for the Orb.
     0 | D:1      | Reached XP level 1. HP: 18/18 MP: 1/1
    37 | D:1      | Reached XP level 2. HP: 24/24 MP: 2/2
   177 | D:1      | Reached XP level 3. HP: 29/29 MP: 3/3
   210 | D:1      | Found a faded altar of an unknown god.
   730 | D:2      | Noticed Jessica
   733 | D:2      | Killed Jessica
   734 | D:2      | Reached XP level 4. HP: 35/35 MP: 4/4
  1317 | D:2      | Reached skill level 5 in Axes
  1317 | D:2      | Reached XP level 5. HP: 46/46 MP: 5/5
  1582 | D:3      | Noticed an ogre
  1592 | D:3      | HP: 2/46 [ogre/+0 giant club (5)]
  1597 | D:3      | Killed an ogre
  1598 | D:3      | Reached XP level 6. HP: 14/52 MP: 6/6
  1679 | D:3      | Noticed Terence
  1693 | D:3      | Killed Terence
  1814 | D:3      | Found a transporter.
  1827 | D:3      | Noticed bmb222's ghost (weakling DsDe)
  1828 | D:3      | Found a transporter.
  1914 | D:3      | Killed bmb222's ghost
  1914 | D:3      | HP: 1/53 [poisoned by bmb222's ghost]
  1915 | D:3      | Succumbed to bmb222's ghost's poison

Illustrated notes

Levels and vault maps discovered:
D:1:      psy_arrival_basics, layout_rooms, chequers_ecumenical_altar_grove
D:2:      layout_basic, serial_curves, eino_curves_02, eino_curves_04,
          uniq_jessica
D:3:      layout_loops_ring, gammafunk_ghost_arena, uniq_terence

Skill      XL: |  1  2  3  4  5  6 |
---------------+-------------------+-----
Axes           | 5 6 |  6.0
Fighting       | 6 |  6.4
Armour         | 6 |  6.4
Dodging        | 4 |  4.8
Shields        | 6 |  6.4

Action                     |  1- 3 |  4- 6 || total
---------------------------+-------+-------++-------
  Melee: War axe           |    95 |    95 ||   190
    Use: Scroll            |       |     7 ||     7
         Potion            |       |     3 ||     3
 Armour: Scale mail        |   115 |    31 ||   146
         Chain mail        |       |    49 ||    49
  Dodge: Dodged            |    63 |    46 ||   109
  Block: Buckler           |    39 |    29 ||    68

Table legend: (Time is in decaauts)
 A = Elapsed time spent in this place.
 B = Non-inter-level travel time spent in this place.
 C = Inter-level travel time spent in this place.
 D = Time resting spent in this place.
 E = Time spent auto-exploring this place.
 F = Levels seen in this place.
 G = Mean time per level.
                   A        B        C        D        E       F      G
               +--------+--------+--------+--------+--------+-----+--------+
         Total |   1983 |   1922 |     61 |      0 |   1179 |   3 |  661.0 |
       Dungeon |   1983 |   1922 |     61 |      0 |   1179 |   3 |  661.0 |
               +--------+--------+--------+--------+--------+-----+--------+

Top non-repeatable levels by time:
     D:2: 925 daAuts
     D:1: 712 daAuts
     D:3: 345 daAuts
